 Dungeon Crawl Stone Soup version 0.31-a0-986-g5e6e4ef867 (webtiles) character file.

Game seed: 9876073062308583687

3018 dialectric the Covert (level 9, -3/68 HPs)
             Began as a Demonspawn Brigand on Nov 6, 2023.
             Killed from afar by an electric eel (15 damage)
             ... with a bolt of electricity
             ... on level 8 of the Dungeon.
             The game lasted 00:14:00 (7682 turns).

dialectric the Covert (Demonspawn Brigand)          Turns: 7682, Time: 00:14:01

Health: -3/68      AC:  5    Str: 16    XL:     9   Next: 55%
Magic:  14/14      EV: 13    Int: 18    God:
Gold:   340        SH:  0    Dex: 15    Spells: 9/15 levels left

rFire   . . .        a - +2 dagger
rCold   . . .        (no shield)
rNeg    . . .        b - +0 robe
rPois   .            (helmet restricted)
rElec   .            c - +0 cloak
rCorr   .            (no gloves)
SInv    .            (no boots)
Will    .....        (no amulet)
Stlth   ++++         j - +6 ring of intelligence
HPRegen 0.31/turn    D - ring of wizardry
MPRegen 0.14/turn

%: wizardry (x1)
@: no status effects
A: antennae 1, yellow scales 1, powered by pain 1, demonic magic 2
a: no special abilities


You were on level 8 of the Dungeon.
You visited 2 branches of the dungeon, and saw 10 of its levels.

You collected 444 gold pieces.
You spent 104 gold pieces at shops.

Inventory:

Hand Weapons
 a - a +2 dagger (weapon)
Missiles
 d - 14 poisoned darts (quivered)
 y - 3 curare-tipped darts
 G - a throwing net
Armour
 b - a +0 robe (worn)
 c - a +0 cloak (worn)
 g - a +0 helmet
Jewellery
 j - a +6 ring of intelligence (left hand)
 D - a ring of wizardry (right hand)
 I - a ring of poison resistance
Talismans
 N - a beast talisman
Wands
 e - a wand of iceblast (4)
 F - a wand of mindburst (9)
 M - a wand of flame (16)
Scrolls
 f - a scroll of noise {unknown}
 h - a scroll of teleportation
 i - 2 scrolls of fog
 n - 2 scrolls of enchant armour {unknown}
 o - a scroll of enchant weapon {unknown}
 p - 4 scrolls of immolation {unknown}
 r - 3 scrolls of vulnerability {unknown}
 t - 2 scrolls of acquirement {unknown}
 v - 2 scrolls of identify
 x - a scroll of revelation {unknown}
 B - a scroll of blinking {unknown}
 C - a scroll of silence {unknown}
 E - 3 scrolls of fear {unknown}
 J - a scroll of brand weapon {unknown}
 K - 2 scrolls of amnesia
Potions
 k - a potion of attraction
 l - a potion of resistance
 m - 4 potions of lignification
 q - 5 potions of mutation
 s - a potion of cancellation {unknown}
 u - 2 potions of degeneration {unknown}
 w - 3 potions of brilliance {unknown}
 z - 2 potions of haste {unknown}
 A - a potion of enlightenment {unknown}
 H - 2 potions of heal wounds
 L - a potion of ambrosia {unknown}
 O - 2 potions of curing


   Skills:
 + Level 5.3 Fighting
 - Level 4.3 Short Blades
 - Level 2.0 Throwing
 - Level 4.0 Dodging
 + Level 8.7 Stealth
 * Level 3.8 Spellcasting
 + Level 3.2 Conjurations
 + Level 3.5 Air Magic
 - Level 1.0 Evocations


You had 9 spell levels left.
You knew the following spells:

 Your Spells              Type           Power      Damage    Failure   Level
a - Static Discharge      Conj/Air       30%        3-5/arc   2%          2
b - Airstrike             Air            8%         2d(2-18)  14%         4

Your spell library contained the following spells:

 Spells                   Type           Power      Damage    Failure   Level
 Kiss of Death            Conj/Necr      36%        2d8       3%          1
 Summon Small Mammal      Summ           12%        N/A       6%          1
 Cigotuvi's Dreadful Rot  Necr/Pois/Air  14%        N/A       6%          2
 Lesser Beckoning         Tloc           6%         N/A       9%          2
 Hailstorm                Conj/Ice       9%         3d4       10%         3
 Call Canine Familiar     Summ           3%         N/A       17%         3
 Confusing Touch          Hex            3%         N/A       17%         3
 Gell's Gravitas          Tloc           3%         N/A       17%         3
 Ignite Poison            Fire/Tmut/Pois 3%         N/A       17%         3
 Summon Guardian Golem    Hex/Summ       3%         N/A       17%         3
 Teleport Other           Tloc           3%         N/A       17%         3
 Summon Lightning Spire   Summ/Air       9%         N/A       28%         4
 Dispel Undead            Necr           3%         3d7       50%         4
 Summon Ice Beast         Ice/Summ       3%         N/A       50%         4
 Freezing Cloud           Conj/Ice/Air   5%         6-21      52%         5
 Simulacrum               Ice/Necr       1%         N/A       100%        6


Dungeon Overview and Level Annotations

Branches:
Dungeon (9/15)             Temple (1/1) D:7
   Lair: D:8-11         Orc: D:9-12

Altars:
Ashenzari
Cheibriados
Dithmenos
Kikubaaqudgha
Makhleb
Nemelex Xobeh
Okawaru
Ru
Sif Muna
Trog
Wu Jian
Xom
Yredelemnul

Shops:
D:6 :   D:8 !:=

Annotations:
D:6 3 runed translucent doors, LeprechaunX's ghost, novice OpSh
D:8 Grum


Innate Abilities, Weirdness & Mutations

You have a pair of small antennae on your head.
You are partially covered in yellow scales. (AC +2)
You sometimes gain a little power by taking damage.
Spells you cast may paralyse nearby enemies.


Message History

The centaur completely misses you. The centaur kicks you. The centaur hits you.
The centaur kicks you.
You hit the centaur.
The centaur is almost dead.
The centaur misses you.
The centaur kicks you but does no damage.
You closely miss the centaur.
The centaur is almost dead.
The centaur hits you. The centaur closely misses you.
You hit the centaur but do no damage.
The centaur is almost dead.
The centaur closely misses you. The centaur kicks you.
You hit the centaur.
You kill the centaur!
You see here a +0 orcbow.
Search for what [Enter for "arm", or ? for help]? wea Unknown command.
A shadow comes into view.
There is a stone staircase leading up here.
You climb upwards.
Level annotation: Grum
Found 13 gold pieces.
There is a stone staircase leading down here.
Unknown command.
The electric eel shoots out a bolt of lightning at you!
The bolt of electricity hits you! The bolt of electricity hits you.
The wolf howls!
You hear a howl!
The electric eel shoots out a bolt of lightning at you!
The bolt of electricity hits you!
The wolf bites the plant!
The plant begins to die.
You hear a splashing noise.
The electric eel shoots out a bolt of lightning at you!
The bolt of electricity hits you!
* * * LOW HITPOINT WARNING * * *
The electric eel shoots out a bolt of lightning at you!
The bolt of electricity hits you!
* * * LOW HITPOINT WARNING * * *
The electric eel shoots out a bolt of lightning at you!
The bolt of electricity hits you!
You die...

#. .. #.# #.. #..####
#..#..# #..#..# #..@..#
### ###....## ..# #
#.......# #.#.#
#.#.$...# #.#.####. ♣
♣♣♣♣..# '.........
♣PSS># #.#.####.#
~~~~~≈~~~♣ #.#.#
#.#♣P~~S~≈~~~P♣
#.#.###..~~~~PS~≈≈≈~~~~


You could see an electric eel.

Vanquished Creatures
  Amaemon (D:8)
  The ghost of sokol815 the Covert, a novice OpBr of Gozag (D:7)
  Sigmund (D:6)
  4 sky beasts
  2 black bears
  2 ogres (D:6)
  2 wolves (D:8)
  3 centaurs
  A phantom (D:7)
  A kobold brigand (D:7)
  2 bullfrogs (D:6)
  Blork the orc (D:4)
  A howler monkey (D:8)
  2 hounds
  2 orc priests
  An iguana (D:3)
  2 orc wizards
  3 adders
  A white imp (D:5)
  5 ufetubi
  A worm (D:4)
  A dart slug (D:4)
  19 orcs
  8 ball pythons
  6 endoplasms
  5 giant cockroaches
  3 goblins
  7 hobgoblins
  2 jackals (D:5)
  8 kobolds
  5 quokkas
  8 bats
  2 frilled lizards (D:1)
  9 rats
122 creatures vanquished.

Notes
Turn   | Place    | Note
-------+----------+-------------------------------------------
     0 | D:1      | dialectric the Demonspawn Brigand began the quest for the
                  | Orb.
     0 | D:1      | Reached XP level 1. HP: 16/16 MP: 1/1
    97 | D:1      | Reached skill level 4 in Stealth
   115 | D:1      | Gained mutation: Spells you cast may paralyse adjacent
                  | enemies. [demonic ancestry]
   115 | D:1      | Reached XP level 2. HP: 22/22 MP: 2/2
   793 | D:2      | Found a faded altar of an unknown god.
  1014 | D:2      | Reached skill level 1 in Dodging
  1062 | D:2      | Gained mutation: You are partially covered in yellow
                  | scales. (AC +2) [demonic ancestry]
  1062 | D:2      | Reached XP level 3. HP: 27/27 MP: 3/3
  1398 | D:2      | Learned a level 2 spell: Static Discharge
  1853 | D:4      | Reached XP level 4. HP: 20/33 MP: 4/4
  2058 | D:3      | Gained mutation: Spells you cast may paralyse nearby
                  | enemies. [demonic ancestry]
  2058 | D:3      | Reached XP level 5. HP: 32/39 MP: 5/5
  2123 | D:4      | Noticed Blork the orc
  2142 | D:4      | Killed Blork the orc
  2757 | D:3      | Gained mutation: You sometimes gain a little power by
                  | taking damage. [demonic ancestry]
  2757 | D:3      | Reached XP level 6. HP: 46/46 MP: 6/6
  3414 | D:5      | Entered Level 5 of the Dungeon
  3907 | D:5      | Reached skill level 5 in Stealth
  3940 | D:5      | Noticed a sky beast
  3955 | D:5      | Killed a sky beast
  4301 | D:6      | Reached skill level 1 in Evocations
  4301 | D:6      | Reached XP level 7. HP: 13/52 MP: 7/7
  4597 | D:6      | Reached skill level 1 in Air Magic
  4602 | D:6      | Reached skill level 6 in Stealth
  4808 | D:6      | Noticed Sigmund
  4813 | D:6      | Killed Sigmund
  4814 | D:6      | Reached XP level 8. HP: 59/59 MP: 8/8
  4910 | D:6      | Noticed LeprechaunX's ghost (novice OpSh)
  4954 | D:6      | Found a runed translucent gate.
  4968 | D:6      | Found a runed translucent gate.
  4969 | D:6      | Found a runed translucent gate.
  5217 | D:6      | Found Ariuhaof's Book Emporium.
  5608 | D:7      | Noticed a centaur warrior
  5610 | D:7      | Found a runed translucent gate.
  5611 | D:7      | Found a runed translucent gate.
  5611 | D:7      | Found a runed translucent gate.
  5673 | D:7      | Noticed sokol815's ghost (novice OpBr)
  5735 | D:7      | Found a staircase to the Ecumenical Temple.
  5912 | Temple   | Entered the Ecumenical Temple
  6063 | D:7      | Reached skill level 7 in Stealth
  6063 | D:7      | Reached skill level 1 in Spellcasting
  6409 | D:8      | Found Jurch's Distillery.
  6416 | D:8      | Bought a potion of heal wounds for 65 gold pieces
  6416 | D:8      | Bought a potion of curing for 39 gold pieces
  6417 | D:8      | Found a broken altar of Ashenzari.
  6572 | D:8      | Identified the +0 robe of the Endless Olives {rF+ Int+3}
  6606 | D:8      | Noticed Grum
  6728 | D:8      | Found Rugeity's Book Boutique.
  6769 | D:8      | Found Arad's Jewellery Shoppe.
  6849 | D:8      | Reached skill level 1 in Conjurations
  6882 | D:8      | Noticed Amaemon
  6882 | D:8      | Noticed an orange demon
  6891 | D:8      | Killed Amaemon
  6892 | D:8      | Reached skill level 8 in Stealth
  6892 | D:8      | Gained mutation: You have a pair of small antennae on your
                  | head. [demonic ancestry]
  6892 | D:8      | Reached XP level 9. HP: 6/67 MP: 7/13
  7060 | D:7      | Killed sokol815's ghost
  7061 | D:7      | Reached skill level 5 in Fighting
  7386 | D:8      | Noticed a gargoyle
  7436 | D:7      | Learned a level 4 spell: Airstrike
  7502 | D:7      | Identified the +7 scale mail of the Ikuchi {rElec rCorr
                  | Int-3 Dex+8}
  7682 | D:8      | Killed from afar by an electric eel

Illustrated notes

Levels and vault maps discovered:
D:1:      amcnicky_arrival_wind_blow, layout_basic, minmay_misc_feat_square
D:2:      kb_forest_paths, layout_basic, chequers_ecumenical_altar_island,
          serial_aquarium, aquarium_bridge_island_small
          [aquarium_subvault_small_open, aquarium_subvault_wall,
          aquarium_subvault_wall, aquarium_subvault_bridge,
          aquarium_subvault_bridge], aquarium_bridge_square
          [aquarium_subvault_window, aquarium_subvault_bridge,
          aquarium_subvault_bridge, aquarium_subvault_balcony],
          aquarium_window_fake, aquarium_window_2, aquarium_view_2c,
          aquarium_balcony_double_1, aquarium_pool_2
D:3:      layout_basic, due_unseen_surprise
D:4:      layout_rooms, item_on_display_a, uniq_blork_the_orc
D:5:      layout_basic, serial_shops, kennysheep_mini, palyth_stone_intersect
D:6:      layout_gridville, biasface_ghost_orc_armoury, serial_shops,
          nicolae_shop_advertising_works [nicolae_subvault_shop_adworks],
          kennysheep_generic_room_7, uniq_sigmund
D:7:      layout_rooms, minmay_temple_entry_statues, gammafunk_ghost_split,
          chequers_serial_rivers_micro_a, glass_columns_a
D:8:      layout_basic, grunt_temple_overflow_forces_of_nature,
          mainiacjoe_overflow_boulevard, serial_shops, shop,
          nicolae_shop_hallway_stairs, nicolae_inconvenience_store,
          nicolae_shop_statue_plus, serial_bayou_ford_a, minmay_evil_grid,
          uniq_grum, uniq_amaemon
D:9:      minmay_chambers_of_sevens, layout_long_grid, hellmonk_lair_entry_icy
Temple:   nicolae_temple_superstar

Skill      XL: |  1  2  3  4  5  6  7  8  9 |
---------------+----------------------------+-----
Stealth        | 4 5 6 8 |  8.7
Short Blades   | 2 3 4 |  4.3
Dodging        | 1 2 3 4 |  4.0
Throwing       | 2 |  2.0
Fighting       | 3 4 5 |  5.3
Evocations     | 1 |  1.0
Air Magic      | 1 3 |  3.5
Spellcasting   | 3 |  3.8
Conjurations   | 2 3 |  3.2

Action                     |  1- 3 |  4- 6 |  7- 9 || total
---------------------------+-------+-------+-------++-------
  Melee: Dagger            |   139 |   146 |   173 ||   458
         Punch             |     2 |     1 |     3 ||     6
  Throw: Dart              |     6 |     9 |    20 ||    35
   Cast: Static Discharge  |       |     3 |     4 ||     7
  Evoke: Wand              |       |    12 |     5 ||    17
    Use: Scroll            |       |       |     9 ||     9
         Potion            |       |       |     2 ||     2
   Stab: Sleeping          |    11 |     7 |     9 ||    27
         Paralysed         |       |     1 |     5 ||     6
 Armour: Robe              |   107 |    91 |   178 ||   376
  Dodge: Dodged            |    94 |    94 |   189 ||   377

Table legend: (Time is in decaauts)
 A = Elapsed time spent in this place.
 B = Non-inter-level travel time spent in this place.
 C = Inter-level travel time spent in this place.
 D = Time resting spent in this place.
 E = Time spent auto-exploring this place.
 F = Levels seen in this place.
 G = Mean time per level.
                   A        B        C        D        E       F      G
               +--------+--------+--------+--------+--------+-----+--------+
         Total |   7604 |   7312 |    292 |    151 |   5469 |  10 |  760.4 |
       Dungeon |   7520 |   7231 |    289 |    151 |   5469 |   9 |  835.6 |
        Temple |     84 |     82 |      2 |      0 |      0 |   1 |   84.0 |
               +--------+--------+--------+--------+--------+-----+--------+

Top non-repeatable levels by time:
     D:6: 1238 daAuts
     D:7: 1216 daAuts
     D:2: 1195 daAuts
     D:3: 1036 daAuts
     D:5: 832 daAuts
     D:8: 794 daAuts
     D:1: 576 daAuts
     D:4: 574 daAuts
  Temple: 84 daAuts
     D:9: 57 daAuts
